Arrhythmia, chaotic female vampiric Convict ------- ......| |.i...| # |...h.| ######...@..| # ------- ### # # ### # Arrhythmia the Jail-bird Experience level: 8 Strength: 18 Dexterity: 11 Constitution: 18 Intelligence: 3 Wisdom: 9 Charisma: 8 Health: 24(86) Energy: 43(43) AC: 9 Gold: 17 Moves: 4604 Your Inventory: Coins $ - 17 gold pieces Armor b - a cursed +0 striped shirt (being worn) g - an uncursed +0 iron skull cap [orcish helm] (being worn) k - an [uncursed] +0 hooded cloak [dwarvish] (being worn) Wands n - an [uncursed] wand called nohold [of cancellation (0:6)] z - an [uncursed] silver wand [of teleportation (0:4)] Tools f - an [uncursed] bag called Hold [of holding] Iron balls c - an uncursed rusty heavy iron ball (chained to you) (weapon in hand) Contents of the bag of holding: 601 gold pieces an [uncursed] concave amulet [of ESP] an [uncursed +0] pair of hard shoes [iron] an [uncursed] scroll labeled ABRA KA DABRA [of enchant armor] an [uncursed] scroll labeled VELOX NEB [of identify] a [cursed] scroll labeled YUM YUM [of light] a [cursed] scroll of teleportation 3 [uncursed] unlabeled scrolls [of blank paper] an [uncursed] puce potion [of restore ability] an [uncursed] blindfold 2 [uncursed tallow] candles an [uncursed] lock pick an [uncursed +0] pick-axe an [uncursed] violet gem [worthless glass] Spells known in the end: Name Level Category Fail Memory Your skills at the end: Fighting Skills Weapon Skills sling [Basic / Skilled] Spellcasting Skills Final Attributes: You were piously aligned. Hunger level was 762. Your alignment was 32 / 33. Monster difficulty range was 1 - 8. Level difficulty was 8. You were immune to poison. You were immune to level-drain. You were immune to sickness. You were punished. You could fly. You could survive without air. You regenerated. Your luck was zero. You are dead. Vanquished creatures: a quivering blob 2 gnome kings a dwarf mummy a dingo a dwarf lord 3 apes 11 Uruk-hai 2 shriekers 6 gnome lords a gray ooze 2 paper golems a baby crocodile 2 kittens 5 dwarves a kobold lord a hill orc a dwarf zombie an iguana 3 hobbits a large kobold 3 giant rats a brown mold 32 gnomes 2 gnome zombies 4 geckos 3 jackals 2 foxes 3 kobolds 2 goblins 4 sewer rats 2 grid bugs 8 bats a lichen a kobold zombie 5 newts 120 creatures vanquished. Voluntary challenges: You went without food. You never hit with a wielded weapon. You read items or engraved 3 times. You put on armor 4 times. You never genocided any monsters. You never polymorphed an object. You never changed form. You used no wishes. You abstained from Elbereth's help. You never encountered a bones level. You never used any Sokoban shortcuts. Dungeon overview: The Dungeons of Doom: levels 1 to 4 Level 1 an altar, a fountain a long staircase Level 2 a jewelry store Level 3 a fountain Level 4 some fountains, a sink stairs to The Gnomish Mines The Gnomish Mines: levels 5 to 8 Level 5 stairs to The Dungeons of Doom Level 8 <- You were here History has recorded: On T:1 you entered the Dungeons of Doom to retrieve the Amulet of Yendor! On T:375 you reached level 2 of The Dungeons of Doom. On T:645 you advanced to experience level 2. On T:1041 you advanced to experience level 3. On T:1380 you advanced to experience level 4. On T:1674 you reached level 3 of The Dungeons of Doom. On T:1842 you advanced to experience level 5. On T:1969 you reached level 4 of The Dungeons of Doom. On T:2201 you reached level 1 of The Gnomish Mines. On T:2233 you advanced to experience level 6. On T:2388 you advanced to experience level 7. On T:2962 you reached level 2 of The Gnomish Mines. On T:3318 you advanced to experience level 8. On T:3696 you reached level 3 of The Gnomish Mines. On T:4296 you reached level 4 of The Gnomish Mines. Latest messages: Your helmet blocks the attack to your head. [HP-7=47] You kick the mind flayer. The mind flayer thrusts her dagger. The mind flayer hits! The mind flayer's tentacles suck you! Your helmet blocks the attack to your head. The mind flayer's tentacles suck you! Your helmet blocks the attack to your head. The mind flayer's tentacles suck you! Your helmet blocks the attack to your head. [HP-13=34] You kick the mind flayer. The mind flayer swoops, nimbly evading your kick. The mind flayer thrusts her dagger. The mind flayer hits! The mind flayer's tentacles suck you! Your helmet blocks the attack to your head. The mind flayer's tentacles suck you! Your brain is eaten! Your last thought fades away. Final status: Goodbye Arrhythmia the Convict... You died in The Gnomish Mines on dungeon level 8 with 4915 points, and 618 pieces of gold, after 4604 moves. You were level 8 with a maximum of 86 hit points when you died.